 Dungeon Crawl Stone Soup version 0.28.0-45-g0d030f2227 (webtiles) character file.

Game seed: 11365248319136787721

9440 CryoSword the Grappler (level 11, -4/107 HPs)
             Began as a Troll Fighter on Apr 3, 2022.
             Was a Priest of Kikubaaqudgha.
             Slain by a fire dragon (15 damage)
             ... on level 9 of the Dungeon.
             The game lasted 00:21:25 (11904 turns).

CryoSword the Grappler (Troll Fighter)             Turns: 11904, Time: 00:21:26

Health: -4/107     AC:  6    Str: 32    XL:     11   Next: 23%
Magic:  13/13      EV:  9    Int: 15    God:    Kikubaaqudgha [***...]
Gold:   596        SH:  9    Dex:  9    Spells: 7/14 levels left

rFire   + . .      SeeInvis .     - Unarmed
rCold   + . .      Faith    .   b - +0 kite shield
rNeg    + . .      Spirit   .   l - +1 robe of the Barnacled Shrike {rN+ Int+7}
rPois   +          Reflect  .   (helmet restricted)
rElec   +          Harm     .   z - +0 cloak
rCorr   +          Rampage  .   (gloves unavailable)
Will    .....                   (boots unavailable)
Stlth   +.........              (no amulet)
HPRegen 1.07/turn               D - +6 ring of strength
MPRegen 0.13/turn               (no ring)

@: resistant
A: large, unfitting armour, claws 3, regeneration 1, shaggy fur 1, tough skin 1
a: Renounce Religion, Receive Corpses


You were on level 9 of the Dungeon.
You worshipped Kikubaaqudgha.
Kikubaaqudgha was most pleased with you.
You visited 2 branches of the dungeon, and saw 11 of its levels.

You collected 596 gold pieces.

Inventory:

Missiles
 s - 25 poisoned darts
Armour
 b - a +0 kite shield (worn)
 l - the +1 robe of the Barnacled Shrike (worn) {rN+ Int+7}
   (You found it on level 3 of the Dungeon)

   Int:       It affects your intelligence (+7).
   rN:        It protects you from negative energy.
 w - a +0 troll leather armour
   (You found it on level 10 of the Dungeon)
 z - a +0 cloak (worn)
   (You took it off Crazy Yiuf on level 6 of the Dungeon)
 H - +0 swamp dragon scales
   (You took it off Maggie on level 6 of the Dungeon)
Magical Staves
 C - a staff of death
   (You found it on level 7 of the Dungeon)
Jewellery
 D - a +6 ring of strength (left claw)
   (You found it on level 8 of the Dungeon)
Wands
 m - a wand of flame (29)
   (You took it off Eustachio on level 4 of the Dungeon)
 o - a wand of iceblast (5) (quivered)
   (You found it on level 4 of the Dungeon)
 y - a wand of digging (5)
   (You found it on level 6 of the Dungeon)
Scrolls
 c - a scroll of identify {@r1}
 d - 4 scrolls of fog
 e - 2 scrolls of brand weapon {unknown}
 g - 2 scrolls of silence {unknown}
 i - 2 scrolls of fear
 j - 2 scrolls of noise {unknown}
 n - 5 scrolls of teleportation {unknown}
 p - 3 scrolls of blinking {unknown}
 r - 2 scrolls of immolation {unknown}
 t - a scroll of vulnerability {unknown}
 A - a scroll of torment {unknown}
 B - 2 scrolls of acquirement {unknown}
 I - a scroll of enchant weapon {unknown}
Potions
 f - 6 potions of curing {@q1}
 h - 4 potions of brilliance
 k - 2 potions of haste {unknown}
 q - a potion of heal wounds {unknown}
 u - a potion of cancellation {unknown}
 v - a potion of attraction {unknown}
 x - 2 potions of invisibility {unknown}
 E - a potion of mutation {unknown}
 G - a potion of lignification {unknown}


   Skills:
 + Level 6.7 Fighting
 - Level 2.4 Dodging
 * Level 7.1 Shields
 * Level 11.0 Unarmed Combat
 - Level 2.0 Spellcasting
 * Level 6.5 Necromancy


You had 7 spell levels left.
You knew the following spells:

 Your Spells              Type           Power      Damage    Failure   Level
a - Vampiric Draining     Necr           21%        2d7       10%         3
z - Animate Dead          Necr           10%        N/A       30%         4

Your spell library contained the following spells:

 Spells                   Type           Power      Damage    Failure   Level
 Animate Skeleton         Necr           42%        N/A       3%          1
 Corpse Rot               Necr/Air       22%        N/A       19%         2
 Agony                    Necr           21%        N/A       65%         5
 Excruciating Wounds      Necr           10%        N/A       65%         5
 Anguish                  Hex/Necr       5%         N/A       75%         4
 Confusing Touch          Hex            1%         N/A       80%         3
 Ozocubu's Armour         Ice            1%         N/A       80%         3
 Portal Projectile        Hex/Tloc       2%         N/A       80%         3
 Summon Guardian Golem    Hex/Summ       1%         N/A       80%         3
 Borgnjor's Vile Clutch   Necr/Erth      5%         N/A       97%         5
 Metabolic Englaciation   Hex/Ice        0%         N/A       100%        5
 Summon Mana Viper        Hex/Summ       1%         N/A       100%        5
 Yara's Violent Unravell  Hex/Tmut       0%         3d3       100%        5
 Simulacrum               Ice/Necr       5%         N/A       100%        6
 Enfeeble                 Hex            0%         N/A       100%        7
 Orb of Destruction       Conj           0%         9d5       100%        7
 Spellforged Servitor     Conj/Summ      0%         N/A       100%        7
 Discord                  Hex            0%         N/A       100%        8


Dungeon Overview and Level Annotations

Branches:
Dungeon (10/15)            Temple (1/1) D:4            Lair (0/6) D:10
    Orc (0/2) D:9

Altars:
Ashenzari
Cheibriados
Dithmenos
Elyvilon
Fedhas
Gozag
Hepliaklqana
Kikubaaqudgha
Makhleb
Nemelex Xobeh
Okawaru
Qazlal
Ru
Sif Muna
Trog
Uskayaw
Vehumet
Wu Jian
Xom
Yredelemnul
Zin
The Shining One

Shops:
D:10 =

Portals:
Trove: D:10 (give 7 potions of haste)


Innate Abilities, Weirdness & Mutations

You are too large for most types of armour.
You have claws for hands.
Your natural rate of healing is unusually fast.
You are covered in fur. (AC +1)
You have tough skin. (AC +1)


Message History

You scratch the yak. The yak gores you!
* * * LOW HITPOINT WARNING * * *
You scratch the yak.
A manticore comes into view.
You scratch the yak. The yak barely misses you.
You claw the yak! The yak closely misses you.
You closely miss the yak. The yak gores you.
* * * LOW HITPOINT WARNING * * *
You barely miss the yak. You block the yak's attack.
You claw the yak!
You kill the yak!
Kikubaaqudgha accepts your kill. You block the yak's attack.
You barely miss the yak. You block the yak's attack.
You mangle the yak!! The yak gores you but does no damage.
You barely miss the yak. The yak gores you!
You mangle the yak!!
You kill the yak!
Kikubaaqudgha accepts your kill.
You mangle the manticore!! You block the manticore's attack.
The manticore barely misses you. The manticore claws you.
You barely miss the manticore. You block the manticore's attack.
The manticore claws you. The manticore claws you!
* * * LOW HITPOINT WARNING * * *
You barely miss the manticore. The manticore bites you.
* * * LOW HITPOINT WARNING * * *
The manticore claws you but does no damage.
You block the manticore's attack.
You scratch the manticore. The manticore bites you!
* * * LOW HITPOINT WARNING * * *
The manticore barely misses you. x2
You mangle the manticore!! The manticore bites you!
* * * LOW HITPOINT WARNING * * *
The manticore claws you.
* * * LOW HITPOINT WARNING * * *
You block the manticore's attack.
You scratch the manticore. The manticore closely misses you.
The manticore claws you but does no damage.
The manticore claws you.
* * * LOW HITPOINT WARNING * * *
You scratch the manticore. The manticore closely misses you.
The manticore claws you but does no damage.
The manticore claws you.
* * * LOW HITPOINT WARNING * * *
You claw the manticore!
You kill the manticore!
Kikubaaqudgha accepts your kill.
Your Unarmed Combat skill increases to level 11!
You start resting.
You see here a yak corpse.
Found 23 stones.
Things that are here:
a yak corpse; a yak corpse; a yak corpse
Found 23 stones.
Found a wand of paralysis (2).
p - 3 scrolls labelled HIODUU MATTE (gained 1)
Found a stone staircase leading up.
Found a wand of charming (6).
You see here a wand of charming (6).
Things that are here:
a +0 dagger; 4 stones; a +0 short sword
Things that are here:
a +2 dagger of speed; a +0 hand crossbow; 10 bolts
Items here: ( )))).
Things that are here:
a +0 dagger; a stone
There is a hide-covered altar of Uskayaw here.
There is a stone staircase leading down here.
Could not explore, unopened door.
Could not explore, unopened door.
Could not explore, unopened door.
You open the door.
An orc warrior comes into view. It is wielding a +0 trident.
The orc warrior shouts!
Found a potion of curing.
Found a staircase to the Lair.
The orc warrior hits you with a +0 trident!
There is an open door here.
You mangle the orc warrior!! You block the orc warrior's attack.
You closely miss the orc warrior. You block the orc warrior's attack.
You scratch the orc warrior but do no damage.
You barely miss the orc warrior. The orc warrior barely misses you.
You claw the orc warrior!
You kill the orc warrior!
Kikubaaqudgha accepts your kill.
No target in view!
Things that are here:
a +0 trident; a +0 plate armour; an orc corpse
f - 5 potions of curing {@q1} (gained 1)
There is an open door here.
Found a ring mail.
Found a stone staircase leading down.
f - 6 potions of curing {@q1} (gained 1)
There is a stone staircase leading down here.
Found a stone staircase leading up.
There is a stone staircase leading up here.
A smoke demon and a fire elemental come into view.
The smoke demon roars!
You hear a roar!
A fire dragon comes into view.
There are monsters nearby!
There are monsters nearby!
There are monsters nearby!
Found the +9 demon whip of the Sun {flame, rCorr Dex+2}.
The fire dragon roars deafeningly!
The fire dragon is engulfed in blazing flames.
The smoke demon gestures at you. The ball of steam hits you!
A fire elemental and a smoke demon come into view.
The fire dragon is engulfed in blazing flames.
The fire elemental moves out of view.
The smoke demon moves out of view.
You claw the fire elemental! The fire elemental hits you.
The fire elemental burns you!
You closely miss the fire elemental. The fire elemental barely misses you.
You mangle the fire elemental!!
You destroy the fire elemental!
Kikubaaqudgha accepts your kill.
The fire dragon is engulfed in blazing flames.
Training target 2.0 for Spellcasting reached!
Your Spellcasting skill increases to level 2!
You claw the fire dragon! The fire dragon breathes flames at you.
The blast of flame misses you.
You hear a roar!
You scratch the fire dragon. The fire dragon closely misses you.
You block the fire dragon's attack.
The fire dragon tramples you but does no damage.
You mangle the fire dragon!! You block the fire dragon's attack.
The fire dragon barely misses you. x2; The smoke demon hits you.
The smoke demon barely misses you.
The smoke demon hits you but does no damage.
You closely miss the fire dragon. The fire dragon breathes flames at you.
The blast of flame hits you!!!
* * * LOW HITPOINT WARNING * * *
The smoke demon barely misses you. You block the smoke demon's attack.
The smoke demon hits you.
* * * LOW HITPOINT WARNING * * *
There is a stone staircase leading up here.
The fire dragon closely misses you. The fire dragon claws you.
* * * LOW HITPOINT WARNING * * *
You block the fire dragon's attack.
You climb upwards.
There is a stone staircase leading down here.
You claw the fire dragon! The fire dragon breathes flames at you.
The blast of flame hits you!!!
* * * LOW HITPOINT WARNING * * *
You feel protected. The fire dragon bites you!
You die...
Kikubaaqudgha rasps: "You have failed me!
Welcome... death!"

.###......................>..#
.# #.....................[...#
## #.........................#
#.........................#
#.........................#
#.........................#
#.................[.......#
#.........................#
#............@............#
#.............D...........#
#.........................#
###########################


You could see a fire dragon (catching breath).

Vanquished Creatures
  Erolcha (D:9)
  A deep elf pyromancer (D:9)
  A manticore (D:10)
  Maurice (D:8)
  Maggie (D:6)
  A troll (D:10)
  A hornet (D:9)
  A fire elemental (D:10)
  9 yaks
  Eustachio (D:4)
  A steam dragon (D:10)
  Menkaure (D:6)
  3 vampire mosquitoes (D:10)
  An acid dragon (D:10)
  A water moccasin (D:7)
  2 swamp drakes (D:10)
  A black bear (D:6)
  3 orc warriors
  2 necrophages
  An ice beast (D:6)
  A sky beast (D:5)
  An ogre (shapeshifter) (D:10)
  2 centaurs (D:9)
  5 ogres
  4 kobold brigands
  2 phantoms
  Blork the orc (D:4)
  6 bullfrogs
  2 gnoll sergeants
  A wyvern zombie (D:8)
  4 scorpions
  10 wights
  A bullfrog zombie (D:6)
  4 centaur zombies
  2 jellies
  Crazy Yiuf (D:6)
  A bullfrog skeleton (D:4)
  2 hounds
  4 orc priests
  A gnoll shaman (D:7)
  A centaur skeleton (D:5)
  A scorpion zombie (D:5)
  3 iguanas
  6 orc wizards
  A hound zombie (D:5)
  2 hound skeletons
  2 howler monkey zombies (D:5)
  11 gnolls
  5 adders
  3 white imps
  An ufetubus (D:6)
  An adder skeleton (D:4)
  2 dart slugs
  22 orcs
  2 bats
  4 endoplasms
  5 giant cockroaches
  5 goblins
  5 hobgoblins
  4 jackals (D:5)
  3 quokkas
  9 ball pythons
  4 frilled lizards
  19 kobolds
  7 rats
217 creatures vanquished.

Vanquished Creatures (others)
  A fungus (D:10)
  2 plants (D:10)
3 creatures vanquished.

Grand Total: 220 creatures vanquished

Notes
Turn   | Place    | Note
-------+----------+-------------------------------------------
     0 | D:1      | CryoSword the Troll Fighter began the quest for the Orb.
     0 | D:1      | Reached XP level 1. HP: 22/22 MP: 0/0
   173 | D:1      | Found a faded altar of an unknown god.
   196 | D:1      | Reached XP level 2. HP: 28/29 MP: 1/1
  1676 | D:3      | Reached XP level 3. HP: 31/36 MP: 2/2
  1710 | D:3      | Reached skill level 3 in Unarmed Combat
  1970 | D:3      | Identified the +1 robe of the Barnacled Shrike {rN+ Int+7}
  2504 | D:3      | Reached XP level 4. HP: 44/44 MP: 3/3
  2646 | D:3      | Reached skill level 4 in Unarmed Combat
  2646 | D:3      | Reached XP level 5. HP: 53/53 MP: 4/4
  2752 | D:4      | Noticed Eustachio
  2831 | D:4      | Killed Eustachio
  2832 | D:4      | Reached XP level 6. HP: 28/61 MP: 5/5
  3092 | D:4      | Found a staircase to the Ecumenical Temple.
  3099 | Temple   | Entered the Ecumenical Temple
  3523 | Temple   | Became a worshipper of Kikubaaqudgha
  3643 | D:4      | Noticed Blork the orc
  3648 | D:4      | Killed Blork the orc
  3649 | D:4      | Reached skill level 5 in Unarmed Combat
  3821 | D:4      | Found a hazy altar of Hepliaklqana.
  4226 | D:5      | Entered Level 5 of the Dungeon
  4233 | D:4      | Reached skill level 1 in Necromancy
  4233 | D:4      | Reached XP level 7. HP: 68/68 MP: 6/6
  4321 | D:5      | Got the Volume of Dislocated Beguiling
  4369 | D:5      | Reached skill level 6 in Unarmed Combat
  4381 | D:5      | Reached * piety under Kikubaaqudgha
  4381 | D:5      | Received a gift from Kikubaaqudgha
  4398 | D:5      | Learned a level 3 spell: Vampiric Draining
  4825 | D:5      | Reached XP level 8. HP: 45/79 MP: 7/7
  5221 | D:6      | Reached skill level 7 in Unarmed Combat
  5358 | D:6      | Noticed Menkaure
  5370 | D:6      | Killed Menkaure
  5805 | D:6      | Noticed Maggie
  5823 | D:6      | Killed Maggie
  5824 | D:6      | Reached skill level 5 in Fighting
  5824 | D:6      | Reached skill level 5 in Shields
  5824 | D:6      | Reached skill level 8 in Unarmed Combat
  5824 | D:6      | Reached XP level 9. HP: 26/88 MP: 8/8
  6284 | D:6      | Found a runed translucent door.
  6285 | D:6      | Noticed Crazy Yiuf
  6478 | D:6      | Killed Crazy Yiuf
  6733 | D:7      | Reached ** piety under Kikubaaqudgha
  7772 | D:8      | Reached skill level 9 in Unarmed Combat
  8040 | D:8      | Noticed Maurice
  8366 | D:8      | Killed Maurice
  8469 | D:8      | Reached XP level 10. HP: 84/98 MP: 9/9
  9083 | D:9      | Reached *** piety under Kikubaaqudgha
  9083 | D:9      | Received a gift from Kikubaaqudgha
  9223 | D:6      | Learned a level 4 spell: Animate Dead
  9308 | D:9      | Paralysed by a hornet for 3 turns
  9313 | D:9      | Reached skill level 5 in Necromancy
  9366 | D:9      | Noticed Erolcha
  9452 | D:9      | Reached skill level 10 in Unarmed Combat
  9655 | D:9      | Found a staircase to the Orcish Mines.
 10005 | D:9      | Killed Erolcha
 10006 | D:9      | Reached skill level 1 in Spellcasting
 10181 | D:9      | Noticed a four-headed hydra
 10181 | D:9      | Noticed a deep elf pyromancer
 10224 | D:9      | Killed a deep elf pyromancer
 10914 | D:10     | Entered Level 10 of the Dungeon
 11136 | D:10     | Found a portal to a secret trove of treasure.
 11243 | D:10     | Found a hide-covered altar of Uskayaw.
 11322 | D:10     | Found Oppuog's Jewellery Shop.
 11371 | D:10     | Reached XP level 11. HP: 95/107 MP: 12/12
 11518 | D:10     | Reached skill level 11 in Unarmed Combat
 11791 | D:10     | Found a staircase to the Lair.
 11885 | D:10     | Noticed a fire dragon
 11904 | D:9      | Slain by a fire dragon

Illustrated notes

Levels and vault maps discovered:
D:1:      giann_bridges, layout_basic, dilly_ecumenical_altar_fadedgnrine,
          lemuel_another_geyser
D:2:      layout_basic, serial_forest, infiniplex_forest_clump_double,
          infiniplex_forest_clump_tiny, infiniplex_forest_end_2,
          infiniplex_forest_straight_1, infiniplex_forest_clump_curved,
          infiniplex_forest_straight_5, infiniplex_forest_join,
          minmay_misc_feat_pillars
D:3:      minmay_thinvault, layout_loops_ring, serial_bayou_crossing
D:4:      layout_basic, lemuel_round_altar, minmay_temple_entry_arrows,
          uniq_blork_the_orc, uniq_eustachio
D:5:      layout_cave_pods, kennysheep_generic_room_13
D:6:      layout_basic, uniq_maggie, uniq_crazy_yiuf_cottage, uniq_menkaure
D:7:      layout_layer_cave, corexii_item_surrounded_by_moat
D:8:      layout_rooms, uniq_maurice
D:9:      minmay_the_grid_triangle_9x9_rhombus_thin
          [minmay_the_grid_triangle_9x9_wacky_v,
          minmay_the_grid_triangle_9x9_prize_center,
          minmay_the_grid_triangle_9x9_swiss_cheese,
          minmay_the_grid_triangle_9x9_zippers_vertical], layout_long_grid,
          uniq_erolcha
D:10:     minmay_firetagon, layout_loops_ring, nicolae_uskayaw_dance_hall,
          grunt_lair_entry_orc_guard_hut, nicolae_trove_entry_free_sample,
          serial_shops, nicolae_shop_stone, serial_bayou_pond_b, pond
Temple:   mainiacjoe_temple_big_plus

Skill      XL: |  1  2  3  4  5  6  7  8  9 10 11 |
---------------+----------------------------------+-----
Unarmed Combat | 3 4 5 6 8 9 10 11 | 11.0
Fighting       | 3 4 5 6 |  6.7
Shields        | 3 4 5 6 7 |  7.1
Necromancy     | 1 2 3 4 6 |  6.5
Spellcasting   | 1 2 |  2.0
Dodging        | |  2.4

Action                   |  1- 3 |  4- 6 |  7- 9 | 10-12 || total
-------------------------+-------+-------+-------+-------++-------
Melee: Unarmed           |   108 |   148 |   284 |   192 ||   732
       Staff             |       |       |       |     3 ||     3
Throw: Dart              |       |       |     1 |     1 ||     2
 Cast: Vampiric Draining |       |       |       |     3 ||     3
       Animate Dead      |       |       |       |     1 ||     1
Invok: Receive Corpses   |       |       |       |     1 ||     1
Evoke: Wand              |       |       |     3 |    18 ||    21
  Use: Scroll            |     4 |       |     3 |       ||     7
       Potion            |       |       |     6 |     3 ||     9
 Stab: Sleeping          |     1 |       |       |       ||     1
Armor: Robe              |    38 |    54 |    76 |    70 ||   238
Dodge: Dodged            |    34 |    62 |   114 |   105 ||   315
Block: Kite shield       |    33 |    52 |   100 |   109 ||   294
